 Dungeon Crawl Stone Soup version 0.29-a0-330-g52719c12eb (webtiles) character file.

Game seed: 14307822173128997746

17 Miritol the Bolt Thrower (level 2, 17/17 HPs)
             Began as a Tengu Hunter on May 9, 2022.
             Was a Follower of Uskayaw.
             Got out of the dungeon alive.
             The game lasted 00:01:02 (574 turns).

Miritol the Bolt Thrower (Tengu Hunter)              Turns: 574, Time: 00:01:03

Health: 17/17      AC:  5    Str: 11    XL:     2   Next: 62%
Magic:  3/3        EV: 11    Int:  9    God:    Uskayaw [*.....]
Gold:   24         SH:  0    Dex: 17    Spells: 1/1 levels left

rFire   . . .      SeeInvis .   a - +1 hand crossbow
rCold   . . .      Faith    .   (no shield)
rNeg    . . .      Spirit   .   d - +0 ring mail
rPois   .          Reflect  .   (helmet restricted)
rElec   .          Harm     .   (no cloak)
rCorr   .          Rampage  .   (no gloves)
Will    .....                   (boots unavailable)
Stlth   +.........              (no amulet)
HPRegen 0.05/turn               (no ring)
MPRegen 0.08/turn               (no ring)

@: no status effects
A: beak, talons 3
a: Renounce Religion, Stomp


You escaped.
You worshipped Uskayaw.
Uskayaw was noncommittal.
You visited 1 branch of the dungeon, and saw 1 of its levels.

You collected 24 gold pieces.

Inventory:

Hand Weapons
 a - a +1 hand crossbow (weapon)
Missiles
 b - 3 poisoned darts
Armour
 d - a +0 ring mail (worn)
Jewellery
 k - a +6 ring of strength
Scrolls
 c - a scroll of immolation
 g - a scroll of teleportation {unknown}
 i - a scroll of identify {unknown}
Potions
 e - a potion of resistance {unknown}
 f - a potion of invisibility {unknown}
 h - a potion of mutation {unknown}
 j - a potion of flight {unknown}


   Skills:
 - Level 2.0 Fighting
 + Level 4.8 Crossbows
 + Level 1.5 Armour
 - Level 2.1 Dodging
 - Level 1.0 Stealth


You had one spell level left.
You didn't know any spells.
Your spell library contained the following spells:

 Spells                   Type           Power      Damage    Failure   Level
 Summon Guardian Golem    Hex/Summ       0%         N/A       96%         3
 Orb of Destruction       Conj           0%         9d5       100%        7
 Spellforged Servitor     Conj/Summ      0%         N/A       100%        7


Dungeon Overview and Level Annotations

Branches:
Dungeon (1/15)

Altars:
Uskayaw


Innate Abilities, Weirdness & Mutations

You have a beak for a mouth.
You have claws for feet.


Message History

You shoot a bolt. The bolt hits the ball python!
You kill the ball python!
No target in view!
Found a plate armour.
No target in view!
A bat comes into view.
You shoot a bolt. The bolt hits the bat.
The bat is moderately wounded.
You shoot a bolt. The bolt closely misses the bat.
The bat hits you but does no damage. x2
You shoot a bolt. The bolt barely misses the bat.
The bat hits you but does no damage. The bat hits you.
You shoot a bolt. The bolt closely misses the bat.
The bat hits you but does no damage. The bat closely misses you. x3
You shoot a bolt. The bolt completely misses the bat.
The bat hits you but does no damage. The bat misses you.
You shoot a bolt. The bolt closely misses the bat.
The bat hits you but does no damage. x2
You shoot a bolt. The bolt hits the bat.
You kill the bat!
No target in view!
k - a +6 ring of strength No target in view!
You open the door.
Found a dagger.
No target in view!
There is an open door here.
You open the door.
Found a faded altar of an unknown god.
There is an open door here.
There is a faded altar of an unknown god here.
You cannot tell which god this altar belongs to.
Convert to them anyway?
Uskayaw accepts your prayer! Uskayaw welcomes you!
You can now stomp with the beat.
There is an open door here.
There is an open door here.
There is a staircase leading out of the dungeon here.
Are you sure you want to leave the Dungeon?
This will make you lose the game!
You have escaped!

.........####.......##
#..>###..#####.......#
....# #....# ######..#
#.#.###.#### ######..#
.......#######.......#
#.##.......##.....[.##
#.##.#.######..######
.......# #..#..###
###...## #...@...## #
#...# ##.......# #
#...# ###..#..# #
#...# ######..#
###...########.......#
...........##.......##
...........##..######
...........##..######
##.....###.##.......##


There were no monsters in sight!

Vanquished Creatures
  A dart slug (D:1)
  2 ball pythons (D:1)
  4 endoplasms (D:1)
  A giant cockroach (D:1)
  A hobgoblin (D:1)
  A quokka (D:1)
  2 bats (D:1)
  2 frilled lizards (D:1)
14 creatures vanquished.

Notes
Turn   | Place    | Note
-------+----------+-------------------------------------------
     0 | D:1      | Miritol the Tengu Hunter began the quest for the Orb.
     0 | D:1      | Reached XP level 1. HP: 12/12 MP: 2/2
   232 | D:1      | Reached skill level 1 in Armour
   246 | D:1      | Reached XP level 2. HP: 17/17 MP: 3/3
   522 | D:1      | Found a faded altar of an unknown god.
   526 | D:1      | Prayed at the altar of an unknown god.
   526 | D:1      | Became a worshipper of Uskayaw the Reveller
   526 | D:1      | Reached * piety under Uskayaw
   574 | D:$      | Got out of the dungeon alive.

Illustrated notes

Levels and vault maps discovered:
D:1:      minmay_arrival_wavy_path, layout_loops_cross,
          hellmonk_ecumenical_altar_inner_sanctum

Skill      XL: |  1 |
---------------+----+-----
Armour         | 1 |  1.5
Fighting       | |  2.0
Crossbows      | |  4.8
Dodging        | |  2.1
Stealth        | |  1.0

Action                   || total
-------------------------++-------
 Fire: Hand crossbow     ||    44
Armor: Ring mail         ||     9
Dodge: Dodged            ||     7

Table legend: (Time is in decaauts)
 A = Elapsed time spent in this place.
 B = Non-inter-level travel time spent in this place.
 C = Inter-level travel time spent in this place.
 D = Time resting spent in this place.
 E = Time spent auto-exploring this place.
 F = Levels seen in this place.
 G = Mean time per level.
                   A        B        C        D        E       F      G
               +--------+--------+--------+--------+--------+-----+--------+
         Total |    591 |    531 |     60 |      0 |    423 |   1 |  591.0 |
       Dungeon |    591 |    531 |     60 |      0 |    423 |   1 |  591.0 |
               +--------+--------+--------+--------+--------+-----+--------+

Top non-repeatable levels by time:
     D:1: 591 daAuts
